 Dungeon Crawl Stone Soup version 0.29-a0-284-gf9362112df (webtiles) character file.

Game seed: 7679393555490929245

187465 sokol815 the Deadly Accurate (level 17, -4/135 HPs)
             Began as a Demonspawn Monk on Mar 28, 2022.
             Was a High Priest of Trog.
             Slain by a deep troll (7 damage)
             ... led by an ironbound preserver
             ... on level 1 of the Vaults.
             The game lasted 02:27:46 (33767 turns).

sokol815 the Deadly Accurate (Demonspawn Monk)     Turns: 33767, Time: 02:27:47

Health: -4/135     AC: 21    Str: 24    XL:     17   Next: 45%
Magic:  0/22       EV: 18    Int: 17    God:    Trog [*****.]
Gold:   739        SH: 16    Dex: 19    Spells: 16/16 levels left

rFire   + . .      SeeInvis .   a - +10 scimitar "Vonamuwn" {venom, rPois Str+4 Stlth+}
rCold   + . .      Faith    .   n - +1 buckler {rN+}
rNeg    + . .      Spirit   +   o - +4 moon troll leather armour {Spirit, Regen++ MP+5}
rPois   +          Reflect  +   K - +2 helmet {Int+3}
rElec   +          Harm     .   C - +0 cloak
rCorr   +          Rampage  .   y - +2 pair of gloves
Will    ++++.                   (boots unavailable)
Stlth   +++++.....              m - amulet of reflection
HPRegen 2.92/turn               W - ring of willpower
MPRegen 0.18/turn               V - +6 ring of strength

@: mighty, resistant, strong-willed, regenerating, studying Axes
A: hooves 3, powered by pain 2, sharp scales 3, condensation shield
}: 1/15 runes: decaying
a: Renounce Religion, Berserk, Trog's Hand, Brothers in Arms


You were on level 1 of the Vaults.
You worshipped Trog.
Trog was extremely pleased with you.
You visited 5 branches of the dungeon, and saw 28 of its levels.
You visited the Abyss 1 time.
You also visited: Bailey, Ice Cave and Volcano.

You collected 3111 gold pieces.
You spent 2372 gold pieces at shops.

Inventory:

Hand Weapons
 a - the +10 scimitar "Vonamuwn" (weapon) {venom, rPois Str+4 Stlth+}
   (You took it off an orc priest on level 6 of the Dungeon)

   It poisons the flesh of those it strikes.
   Str:       It affects your strength (+4).
   rPois:     It protects you from poison.
   Stlth:     It makes you more stealthy.
 b - a +7 morningstar of flaming
   (You took it off a wight on level 4 of the Dungeon)
 c - the +10 rapier of the Brewing Seer {drain, *Corrode rElec Str-2 Int+8}
   (You found it on level 6 of the Lair of Beasts)

   A truly terrible weapon, it drains the life of any living foe it strikes.
   Str:       It affects your strength (-2).
   Int:       It affects your intelligence (+8).
   rElec:     It insulates you from electricity.
   *Corrode:  It may corrode you when you take damage.
 A - a +5 demon trident of electrocution
   (You took it off Mara on level 3 of the Swamp)
 F - a +1 battleaxe of flaming
   (You found it in a volcano)
Missiles
 e - 2 boomerangs of dispersal {=f}
 r - 20 poisoned darts
 s - 244 stones
 x - 4 curare-tipped darts
 G - 15 boomerangs
 Q - 9 javelins
Armour
 j - +0 fire dragon scales
   (You found it on level 15 of the Dungeon)
 n - a +1 buckler of positive energy (worn)
   (You found it on level 4 of the Dungeon)
 o - the +4 moon troll leather armour (worn) {Spirit, Regen++ MP+5}
   (You bought it in a shop on level 2 of the Orcish Mines)

   MP:        It affects your magic capacity (+5).
   Regen:     It increases your rate of health regeneration.
 y - a +2 pair of gloves (worn)
   (You found it on level 2 of the Swamp)
 B - +0 ice dragon scales
   (You found it in an ice cave)
 C - a +0 cloak (worn)
   (You took it off Maurice on level 8 of the Dungeon)
 K - a +2 helmet of intelligence (worn)
   (You bought it in a shop on level 2 of the Orcish Mines)
Jewellery
 f - a ring of fire {rF+, rC-}
   (You found it on level 12 of the Dungeon)
 l - a ring of flight {+Fly, !d}
   (You bought it in a shop on level 2 of the Orcish Mines)
 m - an amulet of reflection (around neck)
   (You found it on level 5 of the Dungeon)
 p - a ring of ice {rC+, rF-}
   (You found it in an ice cave)
 t - an amulet of the acrobat
   (You found it on level 6 of the Dungeon)
 V - a +6 ring of strength (right hand)
   (You found it on level 11 of the Dungeon)
 W - a ring of willpower (left hand)
   (You found it on level 1 of the Lair of Beasts)
Wands
 d - a wand of digging (12)
   (You found it on level 4 of the Lair of Beasts)
 h - a wand of acid (5)
   (You took it off a kobold on level 4 of the Dungeon)
 i - a wand of iceblast (6)
   (You found it in a bailey)
 q - a wand of flame (59)
   (You took it off Jessica on level 2 of the Dungeon)
Scrolls
 g - 8 scrolls of identify {@r1}
 u - 9 scrolls of fog
 D - a scroll of blinking {!r}
 E - 3 scrolls of fear
 O - 2 scrolls of silence
 S - a scroll of summoning
 X - 3 scrolls of magic mapping {@r4!r}
 Y - 9 scrolls of teleportation {@r3}
Potions
 k - 3 potions of cancellation
 H - a potion of haste
 I - a potion of invisibility
 J - 15 potions of curing {@q1}
 L - 4 potions of flight
 M - 3 potions of might
 N - 2 potions of heal wounds {@q2}
 P - 4 potions of attraction {!q}
 T - a potion of berserk rage {!q}
 U - 5 potions of mutation {!q}
Miscellaneous
 v - a lightning rod (inert)
   (You found it on level 6 of the Lair of Beasts)
 w - a phial of floods
   (You found it on level 13 of the Dungeon)
 z - a box of beasts
   (You found it on level 3 of the Lair of Beasts)


   Skills:
 + Level 12.6 Fighting
 - Level 7.0(11.0) Short Blades
 - Level 13.3(14.0) Long Blades
 - Level 3.3(5.8) Axes
 - Level 7.4(7.7) Maces & Flails
 - Level 16.0 Throwing
 - Level 10.0 Armour
 - Level 10.0 Dodging
 - Level 8.0 Stealth
 - Level 4.0 Shields
 + Level 10.0 Evocations


You had 16 spell levels left.
You didn't know any spells.
Your spell library was empty.

Dungeon Overview and Level Annotations

Branches:
Dungeon (15/15)            Temple (0/1) D:4            Lair (6/6) D:10
  Swamp (4/4) Lair:3       Spider (0/4) Lair:4        Slime (0/5) Lair:6
    Orc (2/2) D:9             Elf (0/3) Orc:2        Vaults (1/5) D:13
 Depths (0/4) D:15         Bailey (visited)           IceCv (visited)
Volcano (visited)

Altars:
Ashenzari
Dithmenos
Kikubaaqudgha
Nemelex Xobeh
Qazlal
Ru
Trog
Uskayaw
Wu Jian
Yredelemnul
Zin
The Shining One

Shops:
Orc:2 *[:(*

Annotations:
Lair:6 2 runed translucent doors, exclusion: jelly


Innate Abilities, Weirdness & Mutations

You have hooves in place of feet.
You sometimes gain power by taking damage.
You are completely covered in razor-sharp scales. (AC +3, Slay +3)
A meltable shield of frost defends you. (SH +4)


Message History

The ironbound thunderhulk blinks!
You take 3 damage, and have 108/135 hp.
You now have 14/22 mp.
The thunderbolt hits the yaktaur.
The thunderbolt hits the yaktaur!
The thunderbolt hits the deep troll.
The thunderbolt hits the centaur warrior!
The thunderbolt hits the vault warden!
The thunderbolt hits the deep troll.
The thunderbolt hits the yaktaur!
You kill the yaktaur!
Trog accepts your kill.
The thunderbolt hits the ironbound convoker.
The thunderbolt hits the yaktaur!
You block the vault warden's attack. You block the yaktaur's attack.
You regained 3 hp, and now have 111/135 hp.
Aim: a yaktaur (moderately wounded)
The thunderbolt hits the yaktaur! x2; The thunderbolt hits the deep troll!
The thunderbolt hits the centaur warrior.
The thunderbolt hits the vault warden!
The thunderbolt hits the ironbound convoker!!
The thunderbolt hits the deep troll!
The thunderbolt hits the yaktaur!!
The yaktaur misses you. You block the vault warden's attack.
The ironbound convoker barely misses you.
You regained 3 hp, and now have 114/135 hp.
The thunderbolt hits the yaktaur!
The thunderbolt hits the deep troll!
The thunderbolt hits the yaktaur!
The thunderbolt hits the vault warden!
The thunderbolt hits the centaur warrior!
The thunderbolt hits the ironbound convoker!
The thunderbolt hits the deep troll!
The thunderbolt hits the yaktaur!
You kill the yaktaur!
Trog accepts your kill.
The lightning rod overheats!
The vault warden hits you with a +2 long sword of electrocution.
The ironbound convoker gestures at the centaur warrior while chanting.
The centaur warrior seems to grow stronger.
You take 3 damage, and have 111/135 hp.
You slash the ironbound convoker!
The ironbound convoker is poisoned.
You kick the ironbound convoker.
You kill the ironbound convoker!
Trog accepts your kill.
Trog appreciates your killing of a magic user.
Trog grants you a weapon! Something appears before you!
You see here the +7 scimitar of Trog's Inspiration {vorpal, rN+}.
The centaur warrior wields a +0 shortbow.
The centaur warrior shoots an arrow.
You reflect the arrow off an invisible shield around you!
The vault warden blocks the arrow.
Your Evocations skill increases to level 10!
You regained 2 hp, and now have 113/135 hp.
You barely miss the deep troll. You kick the deep troll!
The centaur warrior shoots an arrow.
You reflect the arrow off an invisible shield around you!
The vault warden blocks the arrow.
The vault warden hits you with a +2 long sword of electrocution!
The deep troll bites you but does no damage.
You block the deep troll's attack. The deep troll barely misses you.
You take 5 damage, and have 108/135 hp.
You now have 13/22 mp.
You closely miss the deep troll.
The vault warden hits you with a +2 long sword of electrocution!!
The deep troll bites you! You block the deep troll's attack. x2
Electricity crackles from the ironbound thunderhulk's apparatus.
The bolt of lightning hits you!!!
* * * LOW HITPOINT WARNING * * *
You focus on the pain.
You feel very mighty all of a sudden.
The centaur warrior unwields a +0 shortbow.
The centaur warrior closely misses you. x2
You take 76 damage, and have 32/135 hp.
MASSIVE DAMAGE!!
You now have 4/22 mp.
Unknown command.
You feel protected. You block the vault warden's attack.
The deep troll closely misses you. You block the deep troll's attack. x2
Electricity crackles from the ironbound thunderhulk's apparatus.
The bolt of lightning misses you. The centaur warrior hits you!
* * * LOW HITPOINT WARNING * * *
The centaur warrior kicks you but does no damage.
You take 7 damage, and have 25/135 hp.
You now have 3/22 mp.
Aim: an ironbound thunderhulk, wielding a +0 dire flail and wearing a +0 animal skin (82% to hit)
The bolt of acid hits the vault warden!
The acid corrodes the vault warden!
The bolt of acid hits the ironbound thunderhulk!!
The acid corrodes the ironbound thunderhulk!
The centaur warrior hits you but does no damage.
You block the centaur warrior's attack.
The vault warden activates a sealing rune.
The doors slam shut!
You block the deep troll's attack. The deep troll completely misses you.
The deep troll barely misses you.
You regained 3 hp, and now have 28/135 hp.
Aim: an ironbound thunderhulk, wielding a +0 dire flail and wearing a +0 animal skin (moderately wounded, covered in acid, 82% to hit)
The bolt of acid hits the vault warden!!
The bolt of acid hits the ironbound thunderhulk!!
The ironbound thunderhulk seems to be corroded for longer.
The centaur warrior hits you!
* * * LOW HITPOINT WARNING * * *
The centaur warrior kicks you but does no damage.
The vault warden hits you with a +2 long sword of electrocution!
* * * LOW HITPOINT WARNING * * *
The deep troll bites you!
You die...

#......#
#####+#####
#........#
#........#
#..>.....#
#........#
#........#
#........#
###########@######
#....+[..cpcT.#
#....#...OTc..+
#....##########
#..)J#........
#..)p#......$.
#...†)..JJp...
#....'........
#....#........


You could see a vault warden (corroded), an ironbound thunderhulk (corroded), a
centaur warrior (strong), 2 deep trolls and 2 yaktaurs.

Vanquished Creatures
  Mara (Swamp:3)
  Kirke (Swamp:2)
  3 thorn hunters
  A fenstrider witch (Swamp:3)
  Louise (Swamp:3)
  3 ironbound preservers
  3 ghouls
  3 deep elf demonologists (Abyss:2)
  3 eleionomae
  7 bunyips
  2 fire dragons (D:15)
  3 shambling mangroves
  2 vault guards (Bailey)
  A boulder beetle (D:12)
  5 ogre magi
  26 hydras
  A catoblepas (D:13)
  5 centaur warriors
  A ghost crab (Swamp:4)
  A tengu warrior (D:13)
  20 two-headed ogres
  15 alligators
  4 death yaks (Lair:3)
  A spriggan berserker (Swamp:2)
  Urug (Lair:1)
  2 thrashing horrors (Abyss:2)
  An orc high priest (Orc:2)
  A hell knight (Volcano)
  Sonja (Lair:4)
  9 spriggan druids
  A salamander mystic (Volcano)
  4 goliath frogs
  5 deep trolls (D:13)
  An orb spider (Lair:4)
  8 bog bodies
  4 lindwurms
  4 ironbound convokers (Vaults:1)
  A death drake (Swamp:2)
  10 swamp dragons
  3 orc knights
  7 ugly things
  A phantasmal warrior (Abyss:2)
  A necromancer (IceCv)
  A wolf spider (D:15)
  3 deep elf pyromancers
  2 orc sorcerers (Orc:1)
  A manticore (D:14)
  8 elephants
  5 salamanders (Volcano)
  3 cyclopes
  4 will-o-the-wisps
  8 black mambas
  2 ice statues (IceCv)
  2 vault sentinels (Vaults:1)
  A water nymph (shapeshifter) (Abyss:2)
  3 molten gargoyles
  Maurice (D:8)
  Joseph (D:8)
  2 gargoyles
  8 cane toads
  Maggie (D:10)
  2 cane toads (shapeshifter)
  2 unseen horrors (shapeshifter) (Abyss:2)
  2 freezing wraiths
  2 entropy weaver simulacra (IceCv)
  2 yaktaurs (Vaults:1)
  3 kobold demonologists
  5 rime drakes
  6 unseen horrors
  2 anaconda simulacra (IceCv)
  11 komodo dragons
  6 ice devils (IceCv)
  9 tyrant leeches
  9 trolls
  A bloated husk (Swamp:1)
  A meliai (shapeshifter) (Abyss:2)
  A troll (shapeshifter) (Abyss:2)
  7 slime creatures
  3 polar bears
  4 blink frogs (Lair:1)
  14 hornets
  Prince Ribbit (Bailey)
  A raiju (shapeshifter) (Abyss:2)
  2 raiju
  Sigmund (D:2)
  5 dream sheep (Lair:6)
  A wyvern (shapeshifter) (Abyss:2)
  6 small abominations (Abyss:2)
  7 wyverns
  2 wraiths
  2 shadows
  2 dire elephant simulacra (IceCv)
  12 spriggans
  24 yaks
  7 humans (Bailey)
  4 fire bats (Lair:3)
  A fire elemental (Abyss:2)
  6 steam dragons
  8 basilisks
  A golden eye (shapeshifter) (D:13)
  2 hogs (Swamp:2)
  20 vampire mosquitoes
  A death yak simulacrum (IceCv)
  8 chaos spawn (Abyss:2)
  4 harpy simulacra (IceCv)
  8 wargs
  20 swamp worms
  10 water moccasins
  2 ice beasts
  4 hell hounds (Lair:6)
  28 orc warriors
  12 swamp drakes
  2 sky beasts
  8 black bears
  10 wolves
  32 ogres
  9 centaurs
  A phantom (D:5)
  A kobold brigand (D:9)
  20 bullfrogs
  2 gnoll sergeants
  3 scorpions
  4 wights (D:4)
  A killer bee (shapeshifter) (Abyss:2)
  13 killer bees
  3 electric eels (D:10)
  5 lava snakes (Lair:6)
  4 howler monkeys
  6 crimson imps (Abyss:2)
  5 jellies
  16 orc priests
  4 hounds
  A gnoll shaman (Lair:4)
  4 iron imps (Abyss:2)
  Jessica (D:2)
  5 iguanas
  24 orc wizards
  4 hell rats (Lair:4)
  3 troll simulacra (IceCv)
  A gnoll (shapeshifter) (Abyss:2)
  5 adders
  10 gnolls
  7 shadow imps
  10 white imps
  3 ufetubi
  3 worms
  2 dart slugs (D:1)
  An orc (shapeshifter) (Abyss:2)
  76 orcs
  6 ball pythons
  5 endoplasms
  An endoplasm (shapeshifter) (Abyss:2)
  2 giant cockroaches
  A giant cockroach (shapeshifter) (Abyss:2)
  12 goblins
  11 hobgoblins
  4 jackals (D:1)
  A quokka (D:4)
  5 bats
  2 frilled lizards
  16 kobolds
  5 rats
  4 briar patches (Swamp:4)
  A fire vortex (Lair:3)
923 creatures vanquished.

Vanquished Creatures (collateral kills)
  An alligator (Swamp:4)
  A shadow imp (Abyss:2)
2 creatures vanquished.

Vanquished Creatures (others)
  An alligator (Swamp:2)
  6 bloated husks
  A spriggan (Swamp:3)
  2 humans (Swamp:3)
  A howler monkey (shapeshifter) (Abyss:2)
  A crimson imp (Abyss:2)
  A white imp (Abyss:2)
  An orc (shapeshifter) (Abyss:2)
  2 briar patches (Swamp:4)
  9 foxfires
  27 fungi
  25 plants
77 creatures vanquished.

Grand Total: 1002 creatures vanquished

Notes
Turn   | Place    | Note
-------+----------+-------------------------------------------
     0 | D:1      | sokol815 the Demonspawn Monk began the quest for the Orb.
     0 | D:1      | Reached XP level 1. HP: 18/18 MP: 1/1
    65 | D:1      | Reached skill level 3 in Axes
    82 | D:1      | Gained mutation: You have large cloven feet. [demonic
                  | ancestry]
    82 | D:1      | Reached XP level 2. HP: 24/24 MP: 2/2
   380 | D:1      | Reached skill level 1 in Short Blades
   760 | D:2      | Noticed Jessica
   782 | D:2      | Gained mutation: A meltable shield of frost defends you.
                  | (SH +4) [demonic ancestry]
   782 | D:2      | Reached XP level 3. HP: 23/29 MP: 3/3
   849 | D:2      | Killed Jessica
   850 | D:2      | Reached skill level 2 in Short Blades
   898 | D:2      | Noticed Sigmund
   929 | D:3      | Reached skill level 3 in Short Blades
   929 | D:3      | Gained mutation: You sometimes gain a little power by
                  | taking damage. [demonic ancestry]
   929 | D:3      | Reached XP level 4. HP: 32/35 MP: 4/4
  1048 | D:2      | Found a faded altar of an unknown god.
  1051 | D:2      | Prayed at the altar of an unknown god.
  1051 | D:2      | Became a worshipper of Trog the Wrathful
  1051 | D:2      | Reached * piety under Trog
  1051 | D:2      | Reached ** piety under Trog
  1674 | D:3      | Reached *** piety under Trog
  2061 | D:3      | You fall into a shaft and drop 3 floors!
  2098 | D:5      | Entered Level 5 of the Dungeon
  2098 | D:5      | Noticed a gargoyle
  2098 | D:5      | Noticed a scorpion
  2230 | D:6      | Noticed a sky beast
  2238 | D:6      | Killed a sky beast
  2239 | D:6      | Reached skill level 4 in Short Blades
  2239 | D:6      | Reached XP level 5. HP: 41/41 MP: 5/5
  2551 | D:5      | Reached skill level 5 in Short Blades
  2551 | D:5      | Reached XP level 6. HP: 43/47 MP: 6/6
  3441 | D:4      | Reached skill level 6 in Short Blades
  3499 | D:4      | Found a staircase to the Ecumenical Temple.
  3744 | D:4      | Reached XP level 7. HP: 52/52 MP: 7/7
  4141 | D:5      | Found a shadowy altar of Dithmenos.
  4154 | D:4      | Reached skill level 7 in Short Blades
  4376 | D:5      | Reached skill level 1 in Maces & Flails
  4524 | D:4      | Reached skill level 2 in Maces & Flails
  4737 | D:4      | Reached skill level 3 in Maces & Flails
  4840 | D:5      | Reached skill level 4 in Maces & Flails
  4840 | D:5      | Reached XP level 8. HP: 48/58 MP: 8/8
  5171 | D:5      | Found a basalt altar of Yredelemnul.
  5249 | D:5      | Killed a gargoyle
  5250 | D:5      | Reached skill level 6 in Maces & Flails
  5983 | D:6      | Identified the +10 scimitar "Vonamuwn" {venom, rPois Str+4
                  | Stlth+}
  6170 | D:6      | HP: 13/58 [poisoned by an orc priest]
  6545 | D:6      | Reached skill level 7 in Maces & Flails
  6907 | D:7      | Reached skill level 1 in Long Blades
  6908 | D:7      | HP: 15/87 [gnoll sergeant/+0 spear (9)]
  6913 | D:7      | Reached XP level 9. HP: 16/63 MP: 9/9
  7184 | D:7      | Reached skill level 2 in Long Blades
  7453 | D:7      | Found an ancient bone altar of Kikubaaqudgha.
  7539 | D:7      | Reached skill level 3 in Long Blades
  7669 | D:7      | Found a hide-covered altar of Uskayaw.
  7844 | D:8      | Noticed Maurice
  7977 | D:8      | Reached skill level 4 in Long Blades
  8167 | D:8      | Noticed Joseph
  8178 | D:8      | Killed Joseph
  8179 | D:8      | Reached skill level 5 in Long Blades
  8239 | D:8      | Noticed a troll
  8244 | D:8      | Killed a troll
  8245 | D:8      | Reached skill level 6 in Long Blades
  9064 | D:8      | Killed Maurice
  9065 | D:8      | Reached skill level 7 in Long Blades
  9497 | D:9      | Noticed a troll
  9506 | D:9      | Killed a troll
  9507 | D:9      | Reached skill level 8 in Long Blades
  9507 | D:9      | Gained mutation: You are partially covered in razor-sharp
                  | scales. (AC +1, Slay +1) [demonic ancestry]
  9507 | D:9      | Reached XP level 10. HP: 70/70 MP: 10/10
  9710 | D:9      | Found a staircase to the Orcish Mines.
  9727 | D:9      | Reached skill level 9 in Long Blades
  9788 | D:9      | Reached **** piety under Trog
  9888 | D:9      | Noticed an eight-headed hydra
  9964 | D:9      | HP: 14/70 [troll (7)]
  9964 | D:9      | HP: 5/70 [troll (5)]
 10395 | D:9      | Found a sacrificial altar of Ru.
 10404 | D:9      | Found a broken altar of Ashenzari.
 10414 | D:9      | Noticed a two-headed ogre
 10420 | D:9      | Killed a two-headed ogre
 10421 | D:9      | Reached skill level 10 in Long Blades
 10457 | D:9      | Found a sparkling altar of Nemelex Xobeh.
 10543 | D:9      | Killed an eight-headed hydra
 10632 | D:9      | Found the +1 robe of Vines {NoPotionHeal Regen++++}
 10762 | D:10     | Entered Level 10 of the Dungeon
 10774 | D:10     | Found a staircase to the Lair.
 10792 | D:10     | Reached skill level 11 in Long Blades
 10937 | D:10     | Found a stormy altar of Qazlal.
 11065 | D:10     | Reached XP level 11. HP: 75/75 MP: 11/11
 11107 | D:10     | Found a flagged portal.
 11133 | Bailey   | Entered a bailey
 11196 | Bailey   | Reached skill level 12 in Long Blades
 11276 | Bailey   | Noticed a vault guard
 11284 | Bailey   | Killed a vault guard
 11347 | Bailey   | Noticed a vault guard
 11347 | Bailey   | Noticed Prince Ribbit
 11354 | Bailey   | Killed Prince Ribbit
 11361 | Bailey   | Killed a vault guard
 11477 | D:10     | Reached skill level 13 in Long Blades
 11579 | D:10     | Noticed a two-headed ogre
 11584 | D:10     | Killed a two-headed ogre
 11607 | D:10     | Noticed Maggie
 11622 | D:10     | Killed Maggie
 11870 | D:10     | Reached skill level 1 in Throwing
 11961 | Lair:1   | Entered Level 1 of the Lair of Beasts
 12025 | Lair:1   | Reached skill level 2 in Throwing
 12025 | Lair:1   | Reached skill level 1 in Armour
 12025 | Lair:1   | Reached skill level 3 in Dodging
 12057 | Lair:1   | Noticed a four-headed hydra
 12149 | Lair:1   | Noticed Urug
 12303 | Lair:1   | Reached skill level 3 in Throwing
 12511 | Lair:1   | Reached skill level 4 in Throwing
 12511 | Lair:1   | Reached skill level 2 in Armour
 13192 | Lair:1   | Killed a four-headed hydra
 13193 | Lair:1   | Reached skill level 4 in Fighting
 13603 | Lair:2   | Reached skill level 5 in Throwing
 13603 | Lair:2   | Gained mutation: You sometimes gain power by taking damage.
                  | [demonic ancestry]
 13603 | Lair:2   | Reached XP level 12. HP: 83/83 MP: 12/12
 13626 | Lair:2   | Reached ***** piety under Trog
 13792 | Lair:2   | Reached skill level 4 in Dodging
 14003 | Lair:3   | Reached skill level 6 in Throwing
 14036 | Lair:3   | Identified the +3 chain mail "Kethreamm" {Int+10 Stlth-}
 14092 | Lair:3   | Noticed a death yak
 14093 | Lair:3   | Noticed a death yak
 14093 | Lair:3   | Noticed a death yak
 14124 | Lair:3   | Killed a death yak
 14125 | Lair:3   | Reached skill level 3 in Armour
 14153 | Lair:3   | Killed a death yak
 14156 | Lair:3   | Noticed a death yak
 14160 | Lair:3   | Killed a death yak
 14161 | Lair:3   | Reached skill level 7 in Throwing
 14167 | Lair:3   | Killed a death yak
 14168 | Lair:3   | Reached skill level 5 in Fighting
 14243 | Lair:3   | Found a dark tunnel.
 14269 | Volcano  | Entered a volcano
 14321 | Volcano  | Reached skill level 8 in Throwing
 14355 | Volcano  | Reached skill level 4 in Armour
 14355 | Volcano  | Reached skill level 5 in Dodging
 14359 | Volcano  | HP: 26/129 [salamander/+0 trident (11)]
 14361 | Volcano  | HP: 10/129 [salamander/+0 trident (8)]
 14486 | Volcano  | Reached skill level 9 in Throwing
 14885 | Lair:3   | Reached skill level 6 in Fighting
 14973 | Lair:3   | Found a staircase to the Swamp.
 15024 | Lair:3   | Noticed a seven-headed hydra
 15061 | Lair:3   | Killed a seven-headed hydra
 15134 | Lair:3   | Reached skill level 10 in Throwing
 15428 | Lair:4   | Reached XP level 13. HP: 94/94 MP: 13/13
 15525 | Lair:4   | Noticed Sonja
 15530 | Lair:4   | Killed Sonja
 15531 | Lair:4   | Reached skill level 5 in Armour
 15548 | Lair:4   | Found a frozen archway.
 15581 | IceCv    | Entered an ice cave
 15805 | IceCv    | Reached skill level 6 in Dodging
 16034 | IceCv    | HP: 20/95 [entropy weaver simulacrum (17)]
 16301 | IceCv    | Reached skill level 11 in Throwing
 16472 | IceCv    | HP: 17/95 [entropy weaver simulacrum (14)]
 16472 | IceCv    | HP: 8/95 [entropy weaver simulacrum (6)]
 17164 | IceCv    | Reached skill level 7 in Fighting
 17573 | Lair:4   | Reached skill level 12 in Throwing
 17798 | Lair:4   | Found a hole to the Spider Nest.
 17813 | Lair:4   | Reached skill level 6 in Armour
 18305 | Lair:5   | Identified a scroll of acquirement
 18320 | Lair:5   | Acquired a manual of Axes
 18969 | Lair:5   | Reached skill level 7 in Dodging
 19179 | Lair:5   | Reached skill level 13 in Throwing
 19571 | Lair:6   | Entered Level 6 of the Lair of Beasts
 19574 | Lair:6   | Reached skill level 8 in Fighting
 19609 | Lair:6   | Reached skill level 2 in Stealth
 19690 | Lair:6   | Identified the +10 rapier of the Brewing Seer {drain,
                  | *Corrode rElec Str-2 Int+8}
 19726 | Lair:6   | Found a staircase to the Slime Pits.
 19823 | Lair:6   | Gained mutation: You have hoof-like feet. [demonic
                  | ancestry]
 19823 | Lair:6   | Reached XP level 14. HP: 105/105 MP: 14/14
 20183 | Lair:6   | Received a gift from Trog
 20263 | Lair:6   | Reached skill level 3 in Stealth
 20323 | Lair:6   | Found a large runed translucent door.
 20326 | Lair:6   | Found a large runed translucent door.
 20594 | Lair:6   | Reached skill level 7 in Armour
 21148 | Lair:5   | Reached skill level 4 in Stealth
 21394 | Lair:1   | Killed Urug
 21745 | D:2      | Killed Sigmund
 22916 | D:12     | Found an ornate altar of the Wu Jian Council.
 23367 | D:12     | Reached skill level 5 in Stealth
 23417 | D:12     | Reached skill level 8 in Dodging
 23567 | Orc:1    | Entered Level 1 of the Orcish Mines
 23586 | D:9      | Reached skill level 14 in Throwing
 24054 | Orc:2    | Entered Level 2 of the Orcish Mines
 24170 | Orc:1    | Reached skill level 1 in Evocations
 24171 | Orc:1    | HP: 20/106 [ogre/+0 giant spiked club (28)]
 24429 | Orc:1    | Received a gift from Trog
 24452 | Orc:2    | Reached skill level 2 in Evocations
 24687 | Orc:2    | Reached skill level 9 in Fighting
 24861 | Orc:2    | Found a staircase to the Elven Halls.
 24923 | Orc:2    | Reached skill level 6 in Stealth
 25049 | Orc:2    | Found Roenycim's Assorted Antiques.
 25106 | Orc:2    | Reached skill level 3 in Evocations
 25121 | Orc:2    | Reached skill level 1 in Shields
 25136 | Orc:2    | Gained mutation: You are mostly covered in razor-sharp
                  | scales. (AC +2, Slay +2) [demonic ancestry]
 25136 | Orc:2    | Reached XP level 15. HP: 113/113 MP: 15/15
 25165 | Orc:2    | Identified the +0 rapier of Immorality {flame, rF+ rCorr}
                  | (Trog gifted it to you on level 2 of the Orcish Mines)
 25165 | Orc:2    | Received a gift from Trog
 25201 | Orc:2    | Bought a runed copper ring for 185 gold pieces
 25217 | Orc:2    | Found Gaitan's Weapon Shoppe.
 25217 | Orc:2    | Found Lilumnia's Book Shop.
 25218 | Orc:2    | Found Suevil's Antique Armour Shop.
 25218 | Orc:2    | Found Hacsynu's Assorted Antiques.
 25239 | Orc:2    | Bought a smelly ring mail for 153 gold pieces
 25239 | Orc:2    | Identified the +0 ring mail of Classification {Rampage rC-
                  | Str+4} (You bought it in a shop on level 2 of the Orcish
                  | Mines)
 25239 | Orc:2    | Bought a shiny helmet for 127 gold pieces
 25580 | Orc:2    | Reached skill level 2 in Shields
 25940 | D:13     | Found a gate to the Vaults.
 26250 | Orc:2    | Bought the +4 moon troll leather armour {Spirit, Regen++
                  | MP+5} for 1907 gold pieces
 26250 | Orc:2    | Found the +4 moon troll leather armour {Spirit, Regen++
                  | MP+5}
 26553 | D:13     | Reached skill level 4 in Evocations
 27104 | D:14     | Reached skill level 8 in Armour
 27108 | D:14     | Reached skill level 7 in Stealth
 27109 | D:14     | Reached skill level 3 in Shields
 27598 | D:15     | Entered Level 15 of the Dungeon
 27797 | D:15     | Found a staircase to the Depths.
 28142 | Swamp:1  | Entered Level 1 of the Swamp
 28318 | Swamp:1  | You are sucked into a shaft and drop 1 floor!
 28345 | Swamp:2  | Reached skill level 5 in Evocations
 28590 | Swamp:2  | Reached skill level 4 in Shields
 28661 | Swamp:2  | Noticed a thorn hunter
 28668 | Swamp:2  | Killed a thorn hunter
 28730 | Swamp:2  | Reached skill level 8 in Stealth
 28730 | Swamp:2  | Reached ****** piety under Trog
 28776 | Swamp:2  | Reached skill level 15 in Throwing
 28779 | Swamp:2  | Received a gift from Trog
 28809 | Swamp:2  | Reached skill level 9 in Dodging
 28809 | Swamp:2  | Reached skill level 6 in Evocations
 28902 | Swamp:2  | Gained mutation: You have hooves in place of feet. [demonic
                  | ancestry]
 28902 | Swamp:2  | Reached XP level 16. HP: 122/122 MP: 16/16
 29125 | Swamp:1  | Noticed a thorn hunter
 29134 | Swamp:1  | Killed a thorn hunter
 29135 | Swamp:1  | Reached skill level 10 in Fighting
 29687 | Swamp:3  | Noticed Mara
 29789 | Swamp:3  | Noticed sokol815's illusion
 29902 | Swamp:3  | Noticed sokol815's illusion
 29919 | Swamp:3  | HP: 45/183 [spriggan druid/angry trees (8)]
 29923 | Swamp:3  | HP: 22/122 [spriggan druid/angry trees (9)]
 29924 | Swamp:3  | HP: 8/122 [spriggan druid/angry trees (10)]
 29949 | Swamp:2  | Reached skill level 9 in Armour
 30027 | Swamp:3  | Noticed Kirke
 30081 | Swamp:2  | Killed Kirke
 30434 | Swamp:3  | Received a gift from Trog
 30449 | Swamp:3  | Noticed sokol815's illusion
 30577 | Swamp:3  | Killed Mara
 30578 | Swamp:3  | Reached skill level 16 in Throwing
 30687 | Swamp:3  | Noticed Louise
 30698 | Swamp:3  | Cast into level 2 of the Abyss (Louise)
 30763 | Abyss:2  | HP: 21/122 [chaos spawn (16)]
 30802 | Abyss:2  | Noticed a Hell Sentinel
 30817 | Abyss:2  | Noticed an Executioner
 30920 | Swamp:3  | Escaped the Abyss
 30933 | Swamp:3  | Killed Louise
 30934 | Swamp:3  | Reached skill level 10 in Dodging
 31328 | Swamp:4  | Entered Level 4 of the Swamp
 31422 | Swamp:3  | Reached skill level 10 in Armour
 31635 | Swamp:4  | Reached skill level 7 in Evocations
 31776 | Swamp:4  | Noticed a thorn hunter
 31796 | Swamp:4  | Killed a thorn hunter
 31824 | Swamp:4  | Reached skill level 11 in Fighting
 31959 | Swamp:3  | Reached skill level 8 in Evocations
 31959 | Swamp:3  | Gained mutation: You are completely covered in razor-sharp
                  | scales. (AC +3, Slay +3) [demonic ancestry]
 31959 | Swamp:3  | Reached XP level 17. HP: 122/131 MP: 17/17
 32146 | Swamp:4  | Identified the +1 chain mail of the Mackerel {Str+2}
 32312 | Swamp:4  | Paralysed by a hornet for 3 turns
 32424 | Swamp:4  | Got a decaying rune of Zot
 33367 | Vaults:1 | Entered Level 1 of the Vaults
 33386 | D:13     | Reached skill level 9 in Evocations
 33397 | D:13     | Reached skill level 12 in Fighting
 33762 | Vaults:1 | Identified the +7 scimitar of Trog's Inspiration {vorpal,
                  | rN+} (Trog gifted it to you on level 1 of the Vaults)
 33762 | Vaults:1 | Received a gift from Trog
 33763 | Vaults:1 | Reached skill level 10 in Evocations
 33764 | Vaults:1 | HP: 32/135 [ironbound thunderhulk/bolt of lightning (42)]
 33767 | Vaults:1 | HP: 3/135 [vault warden/+2 long sword of electrocution
                  | (15)]
 33767 | Vaults:1 | Slain by a deep troll

Illustrated notes

Levels and vault maps discovered:
D:1:      amcnicky_arrival_blooded_trapdoor, layout_basic
D:2:      layout_basic, shapermc_ecumenical_altar_mp_ritualfount, uniq_jessica,
          uniq_sigmund
D:3:      layout_basic
D:4:      layout_cave_pools, minmay_temple_entry_junction, minmay_joined_circles
D:5:      layout_gridville, grunt_dithmenos_smoke_and_mirrors,
          lemuel_doored_altar, st_stairs_9
D:6:      minmay_clustersquares, layout_loops_corners, minmay_curled_crystal
D:7:      layout_basic, mainiacjoe_overflow_surrounded_room,
          nicolae_tso_carved_into_rock, mainiacjoe_overflow_catwalk,
          mainiacjoe_overflow_24_doors
D:8:      layout_layer_cave, minmay_holes, uniq_maurice, uniq_joseph
D:9:      layout_cave_pools, nemelex_diamond_rough_becter,
          mainiacjoe_overflow_swirl, erik_orc_3, hellmonk_guarded_unrand_vines
D:10:     layout_basic, lemuel_round_altar, erik_lair_orcish_takeover,
          enter_bailey_5, uniq_maggie
D:11:     layout_rooms, serial_glass, glass_columns_a, glass_columns_c
D:12:     layout_roguey, nicolae_wu_jian_immortal_techniques
D:13:     layout_rooms, david_vaults_4
D:14:     layout_loops_ring, minmay_misc_feat_tower
D:15:     grunt_enter_depths_hoard, layout_basic, moated_statue
Lair:1:   layout_cave_pods, uniq_urug
Lair:2:   layout_misc_corridors
Lair:3:   layout_chaotic_city, swamp_mist_pool,
          lightli_volcano_entry_magma_tube, beast_lair_carwin_9
Lair:4:   layout_cave_pods, nicolae_spider_entry_orb_guardian,
          portal_ice_cave_entry_pillars_1, minivault_11, fungi_pond_lemuel,
          dreamdust_gnoll_shepherd, uniq_sonja
Lair:5:   onia_ninara_swampy_vault, layout_regular_city
Lair:6:   cheibrodos_lair_end_hotspot, layout_loops_ring,
          nicolae_slime_entry_slimehenge
Swamp:1:  layout_falls_marsh, evilmike_swamp_ruin_rubble_2
Swamp:2:  nzn_winding_woodlands_three_and_one
          [nzn_winding_woodlands_5x15_jagged,
          nzn_winding_woodlands_5x15_pockets,
          nzn_winding_woodlands_5x15_pathside_ponds,
          nzn_winding_woodlands_center_pierced_h], layout_basic_swamp,
          nicolae_swamp_orc_logging_accident, swamp_pool5
Swamp:3:  layout_falls_marsh, hangedman_swamp_cone, swamp_pool2,
          grunt_witch_cave, uniq_kirke, uniq_louise, uniq_mara
Swamp:4:  swamp_alternative, layout_basic_swamp, swamp_pool3
Orc:1:    nicolae_orc_accident_1, layout_caves
Orc:2:    st_orc_ogre_mass, layout_diamond_mine, serial_shops,
          nicolae_shop_stone
Vaults:1: vaults_mumra_minichess, vaults_room_grunt_arrival_ludios,
          hangedman_vaults_corner, nicolae_vaults_little_squares_6, v_rooms_6,
          vaults_room_door_ring, ontoclasm_vaults_claustrophobia, v_rooms_5,
          nicolae_vaults_little_squares_6, grunt_vaults_diagonal,
          nicolae_vaults_twisting_passages, vaults_room_semicircle,
          vaults_room_pool, nicolae_vaults_rhombus_5,
          ontoclasm_vaults_ring_large, nicolae_vaults_diagonal_hallway_7,
          layout_vaults_ring, uniq_donald, uniq_asterion

Skill      XL: |  1  2  3  4  5  6  7  8  9 10 11 12 13 14 15 16 17 |
---------------+----------------------------------------------------+-----
Axes           | 3 |  3.3
Short Blades   | 1 3 4 5 6 7 |  7.0
Maces & Flails | 4 7 |  7.4
Long Blades    | 1 8 11 13 | 13.3
Throwing       | 5 10 13 14 15 16 | 16.0
Armour         | 2 4 6 7 8 10 | 10.0
Dodging        | 3 5 7 8 9 10 | 10.0
Fighting       | 4 6 8 9 11 12 | 12.6
Stealth        | 2 6 8 |  8.0
Evocations     | 3 6 8 10 | 10.0
Shields        | 1 4 |  4.0

Action                   |  1- 3 |  4- 6 |  7- 9 | 10-12 | 13-15 | 16-18 || total
-------------------------+-------+-------+-------+-------+-------+-------++-------
Melee: Hand axe          |    31 |       |       |       |       |       ||    31
       Dagger            |    43 |   169 |    19 |       |       |       ||   231
       Kick              |    11 |    57 |    82 |   128 |   378 |   294 ||   950
       Punch             |       |     1 |       |       |       |       ||     1
       Short sword       |       |       |   163 |       |       |       ||   163
       Morningstar       |       |       |     1 |    18 |    13 |    17 ||    49
       Scimitar          |       |       |    87 |   420 |   951 |   607 ||  2065
       Rapier            |       |       |       |       |    22 |    72 ||    94
       Unarmed           |       |       |       |       |       |     6 ||     6
Throw: Stone             |    46 |    51 |       |       |    66 |    66 ||   229
       Boomerang         |       |       |       |    66 |   282 |   116 ||   464
       Dart              |       |       |       |       |    18 |       ||    18
       Javelin           |       |       |       |       |     5 |     8 ||    13
Invok: Berserk           |       |     4 |    16 |    14 |    17 |    18 ||    69
       Trog's Hand       |       |       |       |     3 |     3 |     4 ||    10
       Brothers in Arms  |       |       |       |     1 |     1 |     2 ||     4
Evoke: Wand              |       |     4 |     3 |    11 |    18 |     5 ||    41
       Lightning rod     |       |       |       |       |       |     6 ||     6
  Use: Potion            |     1 |     1 |     1 |     2 |     4 |     4 ||    13
       Scroll            |     5 |     3 |    11 |    10 |     7 |     4 ||    40
 Stab: Sleeping          |       |       |     1 |     8 |    16 |       ||    25
       Distracted        |       |       |       |       |     9 |     2 ||    11
       Invisible         |       |       |       |       |       |     9 ||     9
Armor: Robe              |     7 |       |       |    44 |    90 |       ||   141
       Scale mail        |    11 |    58 |    54 |    15 |       |       ||   138
       Troll leather arm |       |       |       |     6 |    47 |   297 ||   350
       Chain mail        |       |       |       |     9 |    36 |       ||    45
       Leather armour    |       |       |       |       |    17 |       ||    17
Dodge: Dodged            |    55 |    56 |    72 |   147 |   435 |   568 ||  1333
Block: Other             |     1 |    12 |       |       |       |       ||    13
       Buckler           |       |    23 |   114 |   230 |   554 |   664 ||  1585
       Reflection        |       |       |     2 |     2 |    21 |    19 ||    44

Table legend: (Time is in decaauts)
 A = Elapsed time spent in this place.
 B = Non-inter-level travel time spent in this place.
 C = Inter-level travel time spent in this place.
 D = Time resting spent in this place.
 E = Time spent auto-exploring this place.
 F = Levels seen in this place.
 G = Mean time per level.
                   A        B        C        D        E       F      G
               +--------+--------+--------+--------+--------+-----+--------+
         Total |  33818 |  30507 |   3311 |   7349 |  14635 |  32 | 1056.8 |
       Dungeon |  17036 |  15168 |   1868 |   3805 |   8133 |  15 | 1135.7 |
          Lair |   7378 |   6826 |    552 |    978 |   3980 |   6 | 1229.7 |
         Swamp |   4332 |   3831 |    501 |    980 |   1440 |   4 | 1083.0 |
  Orcish Mines |   2199 |   1811 |    388 |    167 |    933 |   2 | 1099.5 |
        Vaults |    180 |    180 |      0 |      0 |      6 |   1 |  180.0 |
         Abyss |    193 |    193 |      0 |      0 |      0 |   1 |  193.0 |
        Bailey |    268 |    268 |      0 |     55 |     24 |   1 |  268.0 |
      Ice Cave |   1738 |   1738 |      0 |   1133 |     61 |   1 | 1738.0 |
       Volcano |    490 |    490 |      0 |    228 |     57 |   1 |  490.0 |
               +--------+--------+--------+--------+--------+-----+--------+

Top non-repeatable levels by time:
 Swamp:2: 1774 daAuts
   IceCv: 1738 daAuts
  Lair:1: 1647 daAuts
     D:6: 1647 daAuts
     D:9: 1626 daAuts
     D:8: 1493 daAuts
  Lair:6: 1468 daAuts
     D:7: 1456 daAuts
     D:3: 1425 daAuts
  Lair:4: 1370 daAuts
     D:4: 1348 daAuts
  Lair:5: 1245 daAuts
     D:5: 1192 daAuts
   Orc:2: 1147 daAuts
    D:12: 1141 daAuts

Table legend:
 A = Kills in this place as a percentage of kills in entire the game.
 B = Kills by you in this place as a percentage of kills by you in the entire game.
 C = Kills by friends in this place as a percentage of kills by friends in the entire game.
 D = Other kills in this place as a percentage of other kills in the entire game.
 E = Experience gained in this place as a percentage of experience gained in the entire game.
 F = Experience gained in this place divided by the number of levels of this place that you have seen.
                   A       B       C       D       E      F
               +-------+-------+-------+-------+-------+----------------------
         Total | 100.0 | 100.0 | 100.0 | 100.0 | 100.0 | 7788.7
       Dungeon |  34.0 |  34.3 |   0.0 |   0.0 |  19.6 | 3260.1
          Lair |  18.5 |  18.6 |   0.0 |   0.0 |  19.0 | 7872.2
         Swamp |  18.3 |  17.8 |  50.0 |  83.3 |  39.1 | 24356.5
  Orcish Mines |  13.5 |  13.6 |   0.0 |   0.0 |  10.0 | 12444.0
        Vaults |   2.6 |   2.6 |   0.0 |   0.0 |   5.9 | 14781.0
         Abyss |   6.7 |   6.5 |  50.0 |  16.7 |   0.0 |   0.0
        Bailey |   3.0 |   3.1 |   0.0 |   0.0 |   1.8 | 4434.0
      Ice Cave |   2.7 |   2.7 |   0.0 |   0.0 |   3.0 | 7390.0
       Volcano |   0.8 |   0.8 |   0.0 |   0.0 |   1.7 | 4183.0
               +-------+-------+-------+-------+-------+----------------------
